 Dungeon Crawl Stone Soup version 0.32-a0-876-gcfddb08e57 (webtiles) character file.

Game seed: 7504658398648951509

416 Aldia the Apothecary (level 6, -5/42 HPs)
             Began as an Octopode Alchemist on Mar 31, 2024.
             Was an Initiate of Gozag.
             Slain by Menkaure (11 damage)
             ... on level 4 of the Dungeon on Apr 1, 2024.
             The game lasted 00:08:11 (2727 turns).

Aldia the Apothecary (Octopode Alchemist)           Turns: 2727, Time: 00:08:11

Health: -5/42      AC:  1    Str:  7    XL:     6   Next: 92%
Magic:  11/11      EV: 12    Int: 19    God:    Gozag
Gold:   359        SH:  0    Dex: 13    Spells: 2/12 levels left

rFire   . . .        j - +0 short sword
rCold   . . .        (no shield)
rNeg    . . .        (helmet restricted)
rPois   .            h - amulet of magic regeneration
rElec   .            n - ring of willpower
rCorr   .            (no ring)
SInv    .            (no ring)
Will    +....        (no ring)
Stlth   +++          (no ring)
HPRegen 0.27/turn    (no ring)
MPRegen 0.52/turn    (no ring)
                     (no ring)

%: no passive effects
@: gold aura
A: almost no armour, amphibious, 8 rings, camouflage 1, gelatinous body 1,
(nimble swimmer 1), tentacles
a: Renounce Religion, Potion Petition, Call Merchant, Bribe Branch


You were on level 4 of the Dungeon.
You worshipped Gozag.
Gozag was aware of your devotion.
You visited 1 branch of the dungeon, and saw 4 of its levels.

You collected 502 gold pieces.
You spent 88 gold pieces at shops.
You paid 55 gold pieces to Gozag.

Inventory:

Hand Weapons
 j - a +0 short sword (weapon)
Jewellery
 h - an amulet of magic regeneration (around mantle)
 n - a ring of willpower (left tentacle)
Talismans
 e - a dragon-blood talisman
Wands
 q - a wand of polymorph (10)
Scrolls
 b - a scroll of fog
 c - a scroll of butterflies {unknown}
 i - a scroll of teleportation {unknown}
 k - a scroll of blinking {unknown}
 m - a scroll of vulnerability {unknown}
 p - a scroll of amnesia {unknown}
 r - a scroll of enchant armour {unknown}
Potions
 a - a potion of magic
 d - a potion of resistance
 f - 2 potions of heal wounds
 g - a potion of invisibility
 l - a potion of lignification {unknown}
 o - 2 potions of haste {unknown}


   Skills:
 + Level 3.0 Fighting
 - Level 2.0 Dodging
 - Level 3.0 Stealth
 + Level 3.6 Spellcasting
 - Level 2.0 Conjurations
 - Level 2.0 Air Magic
 * Level 5.4 Alchemy


You had 2 spell levels left.
You knew the following spells:

 Your Spells              Type           Power      Damage    Failure   Level
a - Sting                 Conj/Alch      68%        1d7       3%          1
b - Mercury Vapours       Alch/Air       34%        N/A       4%          2
c - Mephitic Cloud        Conj/Alch/Air  15%        N/A       12%         3
d - Olgreb's Toxic Radia  Alch           23%        N/A       16%         4

Your spell library contained the following spells:

 Spells                   Type           Power      Damage    Failure   Level
 Inner Flame              Hex/Fire       3%         N/A       41%         3
 Sticky Flame             Fire/Alch      13%        2d5       43%         4
 Irradiate                Conj/Alch      8%         3d14      65%         5
 Ignition                 Fire           1%         3d3       100%        8


Dungeon Overview and Level Annotations

Branches:
Dungeon (4/15)
 Temple: D:4-7

Altars:
Gozag

Shops:
D:1 *

Annotations:
D:4 Menkaure


Innate Abilities, Weirdness & Mutations

You cannot wear most types of armour.
You are amphibious.
You can wear up to eight rings at the same time.
Your skin changes colour to match your surroundings (Stealth+).
Your rubbery body absorbs attacks. (AC +1, EV +1)
((You are camouflaged when in or above water. (Stealth+)))
You have tentacles for arms and can constrict up to eight enemies at once.


Message History

a +0 dagger; 7 gold pieces An orc comes into view.
It is wielding a +0 short sword.
The orc shouts!
Unknown command.
Unknown command.
Unknown command.
The orc closely misses you.
Unknown command.
Unknown command.
The orc hits you with a +0 short sword.
Unknown command.
Menkaure shouts!
The orc shouts!
You hit the orc but do no damage. You grab the orc. You squeeze the orc.
You kill the orc!
The orc misses you.
You hit the orc but do no damage. You grab the orc.
You squeeze the orc, but do no damage. You constrict the orc.
The orc hits you with a +0 short sword.
You hit the orc. You grab the orc. You squeeze the orc.
The orc is heavily wounded.
You constrict the orc.
You kill the orc!
You constrict the orc.
You kill the orc!
Okay, then.
Okay, then.
Okay, then.
Okay, then.
Menkaure hits you!!
Ouch! That really hurt!
Items here: $ )) [.
You barely miss Menkaure. You grab Menkaure.
You squeeze Menkaure, but do no damage. You constrict Menkaure.
Menkaure hits you!
* * * LOW HITPOINT WARNING * * *
You hit Menkaure but do no damage.
Menkaure is lightly damaged.
You constrict Menkaure. Menkaure hits you!
You die...
Your body crumbles into a pile of gold.

####### .......
#####. ####.....
######## ###.......#
#......#
##.......###
#......####....#####
#....$.#.)..####
#...M@...####
#......### #......#
#......# #......#
########


You could see Menkaure.

Vanquished Creatures
  An ogre (D:4)
  A howler monkey (D:4)
  A hound (D:4)
  A bombardier beetle (D:4)
  An orc priest (D:4)
  Jessica (D:3)
  Ijyb (D:4)
  4 gnolls (D:4)
  4 adders
  2 ribbon worms
  7 orcs
  4 ball pythons
  A bat (D:1)
  7 endoplasms
  3 giant cockroaches
  5 goblins
  7 hobgoblins
  3 jackals
  7 kobolds
  4 quokkas
  4 frilled lizards
  5 rats
74 creatures vanquished.

Notes
Turn   | Place    | Note
-------+----------+-------------------------------------------
     0 | D:1      | Aldia the Octopode Alchemist began the quest for the Orb.
     0 | D:1      | Reached XP level 1. HP: 11/11 MP: 3/3
    38 | D:1      | Found a faded altar of an unknown god.
   276 | D:1      | Reached XP level 2. HP: 12/17 MP: 0/5
   283 | D:1      | Learned a level 2 spell: Mercury Vapours
   546 | D:1      | Found Foacey's Assorted Antiques.
   552 | D:1      | Bought a metallic inky potion for 28 gold pieces
   552 | D:1      | Bought a scroll labelled FOAMIBRISE for 32 gold pieces
   552 | D:1      | Bought a fizzy white potion for 28 gold pieces
  1022 | D:2      | Reached XP level 3. HP: 15/22 MP: 1/6
  1026 | D:2      | Learned a level 3 spell: Mephitic Cloud
  1254 | D:2      | Reached skill level 1 in Fighting
  1320 | D:2      | Reached skill level 4 in Alchemy
  1439 | D:3      | Noticed Jessica
  1444 | D:3      | Killed Jessica
  1445 | D:3      | Reached skill level 1 in Air Magic
  1445 | D:3      | Reached XP level 4. HP: 18/28 MP: 4/7
  1484 | D:3      | Found an opulent altar of Gozag.
  1491 | D:3      | Became a worshipper of Gozag Ym Sagoz the Greedy
  1967 | D:4      | Reached XP level 5. HP: 34/34 MP: 5/9
  2003 | D:4      | HP: 1/34 [gnoll/+0 halberd (9)]
  2219 | D:4      | Noticed an ogre
  2231 | D:4      | Killed an ogre
  2232 | D:4      | Reached XP level 6. HP: 30/41 MP: 3/10
  2303 | D:4      | Learned a level 4 spell: Olgreb's Toxic Radiance
  2398 | D:4      | Noticed Ijyb
  2406 | D:4      | Reached skill level 5 in Alchemy
  2415 | D:4      | Killed Ijyb
  2588 | D:4      | Noticed Menkaure
  2727 | D:4      | Slain by Menkaure

Illustrated notes

Levels and vault maps discovered:
D:1:      scummos_arrival_forest, layout_loops_ring,
          chequers_ecumenical_altar_twisty, serial_aquarium,
          aquarium_bridge_square [aquarium_subvault_bridge,
          aquarium_subvault_wall, aquarium_subvault_bridge,
          aquarium_subvault_bridge], aquarium_bridge_long_separate
          [aquarium_subvault_wall, aquarium_subvault_window,
          aquarium_subvault_bridge, aquarium_subvault_bridge,
          aquarium_subvault_window, aquarium_subvault_wall], aquarium_window_1,
          aquarium_window_2, aquarium_window_1, aquarium_view_2e, serial_shops,
          nicolae_shop_pleasant_corner_grove, hex_medium
D:2:      layout_rooms
D:3:      layout_rooms, grunt_gozag_statues, nicolae_twisty_statue_hallways,
          uniq_jessica
D:4:      layout_rooms, uniq_ijyb, uniq_menkaure

Skill      XL: |  1  2  3  4  5  6 |
---------------+-------------------+-----
Stealth        | 3 |  3.0
Fighting       | 1 2 3 |  3.0
Alchemy        | 4 5 |  5.4
Air Magic      | 1 2 |  2.0
Conjurations   | 2 |  2.0
Spellcasting   | 3 |  3.6
Dodging        | |  2.0

Action                     |  1- 3 |  4- 6 || total
---------------------------+-------+-------++-------
  Melee: Club              |     6 |       ||     6
         Constrict         |     3 |    14 ||    17
         Tentacles         |     1 |    12 ||    13
         Short sword       |     1 |    34 ||    35
   Cast: Sting             |    71 |    83 ||   154
         Mercury Vapours   |       |     4 ||     4
         Mephitic Cloud    |       |     3 ||     3
    Use: Scroll            |     1 |     3 ||     4
   Stab: Sleeping          |       |     1 ||     1
 Armour: Skin              |    11 |    30 ||    41
  Dodge: Dodged            |     7 |    24 ||    31

Table legend: (Time is in decaauts)
 A = Elapsed time spent in this place.
 B = Non-inter-level travel time spent in this place.
 C = Inter-level travel time spent in this place.
 D = Time resting spent in this place.
 E = Time spent auto-exploring this place.
 F = Levels seen in this place.
 G = Mean time per level.
                   A        B        C        D        E       F      G
               +--------+--------+--------+--------+--------+-----+--------+
         Total |   2728 |   2645 |     83 |    202 |   1806 |   4 |  682.0 |
       Dungeon |   2728 |   2645 |     83 |    202 |   1806 |   4 |  682.0 |
               +--------+--------+--------+--------+--------+-----+--------+

Top non-repeatable levels by time:
     D:1: 954 daAuts
     D:3: 697 daAuts
     D:4: 631 daAuts
     D:2: 445 daAuts
